[Event "Czech Open-E Teams 2022"]
[Site "Pardubice"]
[Date "2022.07.15"]
[Round "3.27"]
[White "Pychova, Nela"]
[Black "Rodshtein, Tereza"]
[Result "1-0"]
[ECO "A12"]
[WhiteElo "2075"]
[BlackElo "2169"]
[Annotator "ChessBase"]
[PlyCount "117"]
[EventDate "2022.07.14"]
[EventType "team-tourn"]
[EventCountry "CZE"]
[SourceTitle "playchess.com"]
[Source "ChessBase"]
[SourceQuality "1"]
[TimeControl "5400+30"]

1. c4 c6 2. Nf3 Nf6 3. g3 d5 4. b3 Bg4 5. Bb2 e6 6. Bg2 Nbd7 7. O-O Bd6 8. Nc3 dxc4 9. bxc4 e5 10. d3 O-O 11. Rb1 Qe7 12. Qc2 Rfe8 13. Nd2 Nf8 14. Nb3 Rad8 15. Nd1 h6 16. Ne3 Bc8 17. Bc3 Ng4 18. Nxg4 Bxg4 19. Na5 Bc8 20. Qb2 Rd7 21. Bh3 Rc7 22. Bxc8 Rexc8 23. c5 Bxc5 24. Bxe5 Rd7 25. Bxg7 Qg5 26. Bf6 Qf5 27. Nb3 Bb6 28. Nd2 Re8 29. Ne4 Nh7 30. Bc3 Re6 31. a4 Rd5 32. a5 Qh3 33. g4 Rg6 34. Kh1 Rb5 35. Qxb5 cxb5 36. axb6 a6 37. f3 Rxb6 38. Ba5 Rc6 39. Bd8 f6 40. d4 Rc2 41. Rfe1 Kf7 42. Rbc1 Rb2 43. Rc7+ Kg6 44. Ng3 h5 45. Nxh5 Kh6 46. Ng3 Kg5 47. Rg7+ Kf4 48. d5 Ke3 49. Bb6+ Kd2 50. Ra1 Ng5 51. Re7 Kc3 52. Rc7+ Kb3 53. Bd4 Rxe2 54. Rc3+ Kb4 55. Rb1+ Ka4 56. Nxe2 Nxf3 57. Bg1 Qxg4 58. Ra1+ Kb4 59. Bc5# 1-0

[Event "Czech Open-E Teams 2022"]
[Site "Pardubice"]
[Date "2022.07.15"]
[Round "3.28"]
[White "Sykora, Marek"]
[Black "Vlkova, Anezka"]
[Result "1-0"]
[ECO "C02"]
[WhiteElo "2240"]
[BlackElo "1954"]
[Annotator "ChessBase"]
[PlyCount "87"]
[EventDate "2022.07.14"]
[EventType "team-tourn"]
[EventCountry "CZE"]
[SourceTitle "playchess.com"]
[Source "ChessBase"]
[SourceQuality "1"]
[TimeControl "5400+30"]

1. e4 e6 2. d4 d5 3. e5 c5 4. c3 Nc6 5. Nf3 Bd7 6. a3 c4 7. Nbd2 Na5 8. g3 Bc6 9. Bh3 Qd7 10. O-O Ne7 11. Qe2 h6 12. Ne1 g5 13. f4 Rg8 14. fxg5 Ng6 15. gxh6 Bxh6 16. Ne4 dxe4 17. Bxh6 Rh8 18. Qe3 O-O-O 19. Bg2 Nb3 20. Rd1 Nxe5 21. Bg5 Rdg8 22. h3 Nd3 23. Bf6 Rh7 24. Nxd3 exd3 25. g4 Rg6 26. g5 Bxg2 27. Kxg2 Qd5+ 28. Kg3 Na5 29. h4 Nc6 30. b3 b5 31. bxc4 bxc4 32. Rb1 Na5 33. Rb4 Nc6 34. Rb2 Qd6+ 35. Be5 Qd5 36. Rfb1 f5 37. Rb5 Qe4 38. Qxe4 fxe4 39. Rc5 Kd7 40. Rb7+ Kd8 41. Rxh7 d2 42. Rxc6 d1=Q 43. Rh8+ Kd7 44. Rc7# 1-0

[Event "Czech Open-E Teams 2022"]
[Site "Pardubice"]
[Date "2022.07.15"]
[Round "3.29"]
[White "Slovak, Kilian"]
[Black "Walek, Petr"]
[Result "0-1"]
[ECO "B36"]
[WhiteElo "2321"]
[BlackElo "2237"]
[Annotator "ChessBase"]
[PlyCount "106"]
[EventDate "2022.07.14"]
[EventType "team-tourn"]
[EventCountry "CZE"]
[SourceTitle "playchess.com"]
[Source "ChessBase"]
[SourceQuality "1"]
[TimeControl "5400+30"]

1. e4 c5 2. Nf3 Nc6 3. d4 cxd4 4. Nxd4 g6 5. c4 Nf6 6. Nc3 d6 7. Be2 Nxd4 8. Qxd4 Bg7 9. Be3 O-O 10. Qd2 a5 11. f3 a4 12. Rc1 Qa5 13. Nb5 Be6 14. Qxa5 Rxa5 15. Rc2 Rc8 16. Kd2 Nd7 17. Nd4 Nc5 18. Rb1 Bd7 19. Bd1 f5 20. exf5 Bxd4 21. Bxd4 Bxf5 22. Rbc1 Bxc2 23. Rxc2 Ne6 24. Bb6 Ra6 25. Be3 Rac6 26. Kd3 Nc5+ 27. Kd2 Na6 28. b3 Nb4 29. Rb2 a3 30. Rb1 d5 31. Be2 d4 32. Bg5 Nxa2 33. Ra1 Nc3 34. Bd3 Kf7 35. Rxa3 Ra6 36. Rxa6 bxa6 37. f4 Rb8 38. Bc2 Na2 39. Bh4 Nb4 40. Be4 a5 41. Bg3 Na6 42. Bd5+ e6 43. f5 exd5 44. fxg6+ hxg6 45. Bxb8 Nxb8 46. cxd5 Kf6 47. Kd3 Ke5 48. d6 Nd7 49. h4 Kd5 50. g4 Nc5+ 51. Kc2 Kxd6 52. h5 gxh5 53. gxh5 Ke5 0-1

[Event "Czech Open-E Teams 2022"]
[Site "Pardubice"]
[Date "2022.07.15"]
[Round "3.30"]
[White "Kratochvil, Vit"]
[Black "Brejnik, Gustav"]
[Result "1-0"]
[ECO "B15"]
[WhiteElo "2237"]
[BlackElo "2292"]
[Annotator "ChessBase"]
[PlyCount "72"]
[EventDate "2022.07.14"]
[EventType "team-tourn"]
[EventCountry "CZE"]
[SourceTitle "playchess.com"]
[Source "ChessBase"]
[SourceQuality "1"]
[TimeControl "5400+30"]

1. e4 c6 2. d4 d5 3. Nc3 dxe4 4. Nxe4 Nf6 5. Nxf6+ exf6 6. c3 Bd6 7. Bd3 O-O 8. Qc2 Re8+ 9. Ne2 h5 10. Be3 Nd7 11. O-O-O Nf8 12. Kb1 Be6 13. c4 Rc8 14. Nc3 Bb4 15. Ne4 Be7 16. Nc3 Qa5 17. Qa4 Qxa4 18. Nxa4 Ng6 19. h4 Bd6 20. Nc3 Bb4 21. Rc1 Rcd8 22. a3 Be7 23. Be2 f5 24. d5 cxd5 25. cxd5 Bxd5 26. Nxd5 Rxd5 27. Rc7 f4 28. Bxa7 Rd2 29. Bc4 Ne5 30. Bb5 Bd6 31. Rxb7 Re7 32. Rxe7 Bxe7 33. Kc1 Rd5 34. a4 f3 35. g3 Bc5 36. Bxc5 Rxc5+ 1-0

[Event "Czech Open-E Teams 2022"]
[Site "Pardubice"]
[Date "2022.07.15"]
[Round "3.31"]
[White "Parizek, Vojtech"]
[Black "Ruzicka, Josef"]
[Result "1-0"]
[ECO "B96"]
[WhiteElo "2217"]
[BlackElo "2177"]
[Annotator "ChessBase"]
[PlyCount "112"]
[EventDate "2022.07.14"]
[EventType "team-tourn"]
[EventCountry "CZE"]
[SourceTitle "playchess.com"]
[Source "ChessBase"]
[SourceQuality "1"]
[TimeControl "5400+30"]

1. e4 c5 2. Nf3 d6 3. d4 cxd4 4. Nxd4 Nf6 5. Nc3 a6 6. Bg5 e6 7. f4 Nbd7 8. Qe2 Be7 9. O-O-O Qc7 10. g4 b5 11. Bxf6 Nxf6 12. g5 Nd7 13. Bh3 Nb6 14. Qh5 b4 15. Nce2 g6 16. Qh6 Bf8 17. Qh4 e5 18. Nb3 Bxh3 19. Qxh3 Rc8 20. Qd3 exf4 21. Nxf4 Bg7 22. Kb1 O-O 23. h4 Na4 24. Nd4 Nb6 25. h5 Qc4 26. hxg6 fxg6 27. Nfe6 Rf7 28. Qh3 Bxd4 29. Nxd4 Nd7 30. Rdf1 Rcf8 31. Rxf7 Rxf7 32. Rd1 Nc5 33. Qe3 Re7 34. Nc6 Rxe4 35. Qf3 Rf4 36. Qh3 Qf7 37. Qc8+ Kg7 38. Qd8 Ne4 39. Qb6 Rf1 40. Qd4+ Kg8 41. Nxb4 Qf3 42. Rc1 Qh1 43. Qc4+ Kg7 44. Rxf1 Nd2+ 45. Kc1 Nxf1 46. Qc7+ Kg8 47. Qd8+ Kg7 48. Qf6+ Kg8 49. Qe6+ Kg7 50. Qf6+ Kg8 51. b3 Ne3+ 52. Kb2 Nd1+ 53. Kc1 Nc3+ 54. Kb2 Nd1+ 55. Ka3 Qe4 56. Qxd6 Ne3 1-0

[Event "Czech Open-E Teams 2022"]
[Site "Pardubice"]
[Date "2022.07.15"]
[Round "3.32"]
[White "Kosut, Tomas"]
[Black "Dvorak, Jan"]
[Result "1-0"]
[ECO "C00"]
[WhiteElo "1820"]
[BlackElo "2194"]
[Annotator "ChessBase"]
[PlyCount "81"]
[EventDate "2022.07.14"]
[EventType "team-tourn"]
[EventCountry "CZE"]
[SourceTitle "playchess.com"]
[Source "ChessBase"]
[SourceQuality "1"]
[TimeControl "5400+30"]

1. e4 e6 2. d3 d5 3. Nd2 c5 4. Ngf3 Nc6 5. g3 g6 6. Bg2 Bg7 7. O-O Nge7 8. Re1 h6 9. h4 O-O 10. e5 Qc7 11. Qe2 b6 12. Nf1 a5 13. Bf4 Ba6 14. c3 b5 15. N1h2 Kh7 16. Ng4 Ng8 17. Kh2 b4 18. Rh1 Qe7 19. Kg1 bxc3 20. bxc3 f5 21. exf6 Nxf6 22. Nge5 Nxe5 23. Nxe5 Nh5 24. Nxg6 Kxg6 25. Qg4+ Kh7 26. Qxh5 Bxd3 27. Re1 Bg6 28. Qe2 Bxc3 29. Qxe6 Qxe6 30. Rxe6 Rad8 31. h5 Bc2 32. Rxh6+ Kg7 33. Rc6 Rxf4 34. gxf4 Rd7 35. Rxc5 d4 36. Rd5 Rf7 37. h6+ Kh7 38. Rh4 Bf5 39. Rh5 Bg6 40. Rh3 Bf5 41. Rxf5 1-0

[Event "Czech Open-E Teams 2022"]
[Site "Pardubice"]
[Date "2022.07.15"]
[Round "3.33"]
[White "Vylicil, Adam"]
[Black "Petr, Martin"]
[Result "0-1"]
[ECO "A48"]
[WhiteElo "1890"]
[BlackElo "2500"]
[Annotator "ChessBase"]
[PlyCount "72"]
[EventDate "2022.07.14"]
[EventType "team-tourn"]
[EventCountry "CZE"]
[SourceTitle "playchess.com"]
[Source "ChessBase"]
[SourceQuality "1"]
[TimeControl "5400+30"]

1. d4 Nf6 2. Nf3 g6 3. Bg5 Bg7 4. Nbd2 h6 5. Bh4 d6 6. e4 Nh5 7. c3 g5 8. Bg3 e6 9. Be2 Qe7 10. Nc4 Nd7 11. Qd2 b6 12. e5 Nxg3 13. hxg3 Bb7 14. exd6 cxd6 15. Ne3 Nf6 16. Bb5+ Kf8 17. Bd3 Rc8 18. Kf1 Bc6 19. Qe2 Qc7 20. Re1 Rb8 21. Bb5 Bb7 22. Bd3 Nd5 23. Nd1 Bc6 24. Bb5 Rc8 25. Ba6 Re8 26. Bb5 Bxb5 27. Qxb5 Rc8 28. Ne3 Nxe3+ 29. Rxe3 Qc4+ 30. Qxc4 Rxc4 31. b3 Rc7 32. g4 Ke7 33. Ke2 b5 34. Kd2 Rhc8 35. Rc1 h5 36. Nh2 Bxd4 0-1

[Event "Czech Open-E Teams 2022"]
[Site "Pardubice"]
[Date "2022.07.15"]
[Round "3.34"]
[White "Neuman, Petr"]
[Black "Sudrich, Radek"]
[Result "1-0"]
[ECO "C45"]
[WhiteElo "2378"]
[BlackElo "2049"]
[Annotator "ChessBase"]
[PlyCount "103"]
[EventDate "2022.07.14"]
[EventType "team-tourn"]
[EventCountry "CZE"]
[SourceTitle "playchess.com"]
[Source "ChessBase"]
[SourceQuality "1"]
[TimeControl "5400+30"]

1. e4 e5 2. Nf3 Nc6 3. d4 exd4 4. Nxd4 Bc5 5. Nb3 Be7 6. Nc3 Nf6 7. g3 d6 8. Bg2 O-O 9. O-O Be6 10. h3 Nd7 11. Nd5 Nb6 12. a4 Re8 13. a5 Nd7 14. c3 a6 15. Ne3 Nde5 16. f4 Nc4 17. Nf5 Bf8 18. Nfd4 Bd7 19. Nxc6 Bxc6 20. Re1 b6 21. axb6 cxb6 22. Nd4 Bb7 23. b3 Na5 24. Ba3 g6 25. Qd3 Rc8 26. c4 Nc6 27. Bb2 Qf6 28. Rab1 Nxd4 29. Bxd4 Qd8 30. Rbd1 Qc7 31. Bb2 Be7 32. Kh2 Qc5 33. Rd2 b5 34. Rc1 b4 35. Bd4 Qc7 36. Ba1 Qc5 37. Qb1 f6 38. Rcd1 Rcd8 39. Bd4 Qc7 40. h4 Kf7 41. Qb2 h6 42. Re1 g5 43. Rf2 gxh4 44. gxh4 Rg8 45. Qe2 Kg6 46. Bh3 Bc8 47. Bf5+ Kg7 48. Rg1+ Kf8 49. Rxg8+ Kxg8 50. Rg2+ Kf8 51. Qg4 Bxf5 52. Qg8# 1-0

[Event "Czech Open-E Teams 2022"]
[Site "Pardubice"]
[Date "2022.07.15"]
[Round "3.35"]
[White "Bacak, Petr ml."]
[Black "Wasserbauer, Radek"]
[Result "1/2-1/2"]
[ECO "B01"]
[WhiteElo "1973"]
[BlackElo "2164"]
[Annotator "ChessBase"]
[PlyCount "44"]
[EventDate "2022.07.14"]
[EventType "team-tourn"]
[EventCountry "CZE"]
[SourceTitle "playchess.com"]
[Source "ChessBase"]
[SourceQuality "1"]
[TimeControl "5400+30"]

1. e4 d5 2. exd5 Qxd5 3. Nc3 Qa5 4. Bc4 Nf6 5. d3 c6 6. Bd2 Bf5 7. Nge2 e6 8. Ng3 Bg6 9. Nd5 Qd8 10. Nxf6+ Qxf6 11. Bc3 Qh4 12. a4 Nd7 13. a5 e5 14. Qf3 Rc8 15. O-O Bd6 16. Nf5 Bxf5 17. Qxf5 Qf6 18. Qxf6 gxf6 19. Rfe1 O-O 20. d4 Rfe8 21. Bd3 Nf8 22. g3 Rcd8 1/2-1/2

[Event "Czech Open-E Teams 2022"]
[Site "Pardubice"]
[Date "2022.07.15"]
[Round "3.36"]
[White "Urban, Tomas"]
[Black "Bacak, Petr st."]
[Result "1-0"]
[ECO "D04"]
[WhiteElo "1815"]
[BlackElo "1903"]
[Annotator "ChessBase"]
[PlyCount "73"]
[EventDate "2022.07.14"]
[EventType "team-tourn"]
[EventCountry "CZE"]
[SourceTitle "playchess.com"]
[Source "ChessBase"]
[SourceQuality "1"]
[TimeControl "5400+30"]

1. d4 d5 2. Nf3 Nf6 3. e3 Nbd7 4. Bd3 e6 5. Nbd2 c6 6. O-O Qc7 7. Re1 Be7 8. c3 O-O 9. e4 dxe4 10. Nxe4 h6 11. Nxf6+ Bxf6 12. Qe2 Re8 13. Qe4 Nf8 14. Bf4 Qd8 15. Rad1 Qd5 16. Qe2 Bd7 17. Ne5 Rad8 18. Ng4 Bg5 19. Bc7 f5 20. Bc4 Qe4 21. Qxe4 fxe4 22. Bxd8 Rxd8 23. Rxe4 b5 24. Bb3 Bc8 25. h4 Be7 26. Rde1 Rd6 27. Ne3 Bd8 28. Nf5 Rd5 29. Bxd5 cxd5 30. R4e3 Bd7 31. Ng3 Bxh4 32. Nh5 Bg5 33. f4 Bh4 34. g3 Bd8 35. f5 exf5 36. Re5 Bc7 37. Re7 1-0

[Event "Czech Open-E Teams 2022"]
[Site "Pardubice"]
[Date "2022.07.15"]
[Round "3.37"]
[White "Novotny, Michal"]
[Black "Obsivac, Josef"]
[Result "1/2-1/2"]
[ECO "B51"]
[WhiteElo "2223"]
[BlackElo "2272"]
[Annotator "ChessBase"]
[PlyCount "60"]
[EventDate "2022.07.14"]
[EventType "team-tourn"]
[EventCountry "CZE"]
[SourceTitle "playchess.com"]
[Source "ChessBase"]
[SourceQuality "1"]
[TimeControl "5400+30"]

1. e4 c5 2. Nf3 d6 3. Bb5+ Nd7 4. Ba4 Ngf6 5. Qe2 e6 6. O-O Be7 7. c3 a6 8. d4 b5 9. Bc2 Bb7 10. Nbd2 cxd4 11. cxd4 Rc8 12. Bd3 Nb6 13. b3 O-O 14. a4 bxa4 15. bxa4 d5 16. e5 Ne4 17. a5 Na4 18. Bxe4 dxe4 19. Nxe4 Nc3 20. Nxc3 Rxc3 21. Qb2 Qc8 22. Be3 Bd5 23. Rfc1 Rxc1+ 24. Rxc1 Qa8 25. Ne1 Rb8 26. Qc2 h6 27. f3 Rb3 28. Qc8+ Qxc8 29. Rxc8+ Kh7 30. Bd2 Bb4 1/2-1/2

[Event "Czech Open-E Teams 2022"]
[Site "Pardubice"]
[Date "2022.07.15"]
[Round "3.38"]
[White "Zeman, Matyas"]
[Black "Simunek, Jakub Simon"]
[Result "1-0"]
[ECO "A04"]
[WhiteElo "2262"]
[BlackElo "1887"]
[Annotator "ChessBase"]
[PlyCount "101"]
[EventDate "2022.07.14"]
[EventType "team-tourn"]
[EventCountry "CZE"]
[SourceTitle "playchess.com"]
[Source "ChessBase"]
[SourceQuality "1"]
[TimeControl "5400+30"]

1. Nf3 e6 2. g3 d5 3. Bg2 Nf6 4. O-O Be7 5. c4 O-O 6. d4 dxc4 7. Na3 c5 8. Nxc4 Nc6 9. dxc5 Bxc5 10. Bf4 Nd5 11. Rc1 Qe7 12. Nce5 Nxf4 13. gxf4 Nb4 14. a3 Nd5 15. e3 Nxe3 16. fxe3 Bxe3+ 17. Kh1 Bxc1 18. Qxc1 Bd7 19. Qc7 Rfd8 20. Rd1 Rac8 21. Qxb7 Rb8 22. Qxa7 Ra8 23. Qf2 Ba4 24. Re1 Rac8 25. f5 f6 26. Qh4 Qe8 27. Ng4 e5 28. Rg1 Rd6 29. Nd2 Bc6 30. Ne4 Bxe4 31. Bxe4 Kh8 32. Qg3 Qe7 33. Ne3 Rcd8 34. Qf3 Rd4 35. Rc1 h6 36. Rc3 Qd7 37. b3 Qd6 38. b4 Qa6 39. Bb7 e4 40. Bxa6 exf3 41. Kg1 Rd2 42. Rc2 Rxc2 43. Nxc2 f2+ 44. Kg2 Rd1 45. Ne3 Ra1 46. Kxf2 Rxa3 47. Bc4 g6 48. fxg6 Kg7 49. Bf7 Ra1 50. Nf5+ Kf8 51. Be6 1-0

[Event "Czech Open-E Teams 2022"]
[Site "Pardubice"]
[Date "2022.07.15"]
[Round "3.39"]
[White "Roubal, Matyas"]
[Black "Bures, Vit"]
[Result "0-1"]
[ECO "C49"]
[WhiteElo "1909"]
[BlackElo "2112"]
[Annotator "ChessBase"]
[PlyCount "110"]
[EventDate "2022.07.14"]
[EventType "team-tourn"]
[EventCountry "CZE"]
[SourceTitle "playchess.com"]
[Source "ChessBase"]
[SourceQuality "1"]
[TimeControl "5400+30"]

1. e4 e5 2. Nf3 Nc6 3. Nc3 Nf6 4. Bb5 Bb4 5. O-O O-O 6. d3 d6 7. Bg5 Ne7 8. Nh4 c6 9. Ba4 Nd7 10. Nf5 f6 11. Nxe7+ Qxe7 12. Bb3+ Kh8 13. Be3 Nc5 14. f3 a5 15. a3 Nxb3 16. cxb3 Bxc3 17. bxc3 Be6 18. d4 d5 19. a4 dxe4 20. fxe4 exd4 21. cxd4 Bf7 22. e5 fxe5 23. dxe5 Qxe5 24. Bf2 Bd5 25. Qc2 h6 26. Rae1 Qg5 27. Bd4 Rxf1+ 28. Rxf1 Re8 29. Qb2 Qg4 30. h3 Qg3 31. Qd2 Kh7 32. Qf2 Qxf2+ 33. Rxf2 Re1+ 34. Kh2 Re4 35. Bc3 b6 36. Rb2 c5 37. Rd2 Bf7 38. Rd7 Kg6 39. Rd6+ Re6 40. Rxe6+ Bxe6 41. Be5 Bxb3 42. Bc7 Bxa4 43. Bxb6 c4 44. Bxa5 Kf5 45. g4+ Ke4 46. Bc3 g6 47. Kg3 Kd3 48. Bg7 h5 49. Kf4 c3 50. Kg5 c2 51. Bb2 Be8 52. Kf6 hxg4 53. hxg4 Kd2 54. Ke7 Bb5 55. Kf6 Bd3 0-1

[Event "Czech Open-E Teams 2022"]
[Site "Pardubice"]
[Date "2022.07.15"]
[Round "3.40"]
[White "Vavra, Michal"]
[Black "Vana, Jan"]
[Result "1-0"]
[ECO "A05"]
[WhiteElo "1939"]
[BlackElo "1708"]
[Annotator "ChessBase"]
[PlyCount "91"]
[EventDate "2022.07.14"]
[EventType "team-tourn"]
[EventCountry "CZE"]
[SourceTitle "playchess.com"]
[Source "ChessBase"]
[SourceQuality "1"]
[TimeControl "5400+30"]

1. Nf3 Nf6 2. d4 c5 3. c4 cxd4 4. Nxd4 e5 5. Nb5 d5 6. cxd5 Bc5 7. e3 a6 8. N5c3 O-O 9. Bd3 b5 10. O-O Nbd7 11. Nd2 Bb7 12. e4 Re8 13. Nb3 Bb6 14. Qe2 h6 15. Bd2 Nf8 16. Rac1 Rc8 17. Be3 g5 18. g3 Ng6 19. Rfd1 Bxe3 20. Qxe3 Ng4 21. Qf3 h5 22. Nd2 Qd7 23. h3 Nh6 24. Qxh5 Kg7 25. Qxg5 Qxh3 26. Bf1 Qd7 27. Qh5 Rh8 28. Bh3 Qd8 29. Qf3 Qg5 30. Bg2 Rh7 31. Nf1 Rch8 32. Ne3 Bc8 33. Nf5+ Nxf5 34. exf5 Bxf5 35. Ne4 Bxe4 36. Qxe4 Nf4 37. Bf3 Rh3 38. Kf1 Rxg3 39. fxg3 Qxg3 40. Qxe5+ Kh7 41. Qf5+ Kg7 42. Qg4+ Qxg4 43. Bxg4 Rh1+ 44. Kf2 Nd3+ 45. Rxd3 Rxc1 46. d6 1-0

[Event "Czech Open-E Teams 2022"]
[Site "Pardubice"]
[Date "2022.07.15"]
[Round "3.41"]
[White "Slampa, Jan"]
[Black "Bouska, Jiri"]
[Result "1-0"]
[ECO "E70"]
[WhiteElo "2254"]
[BlackElo "2157"]
[Annotator "ChessBase"]
[PlyCount "61"]
[EventDate "2022.07.14"]
[EventType "team-tourn"]
[EventCountry "CZE"]
[SourceTitle "playchess.com"]
[Source "ChessBase"]
[SourceQuality "1"]
[TimeControl "5400+30"]

1. d4 Nf6 2. c4 g6 3. Nc3 Bg7 4. e4 d6 5. Be3 O-O 6. h3 c5 7. Nf3 cxd4 8. Nxd4 Nc6 9. Be2 Bd7 10. O-O Nxd4 11. Bxd4 Bc6 12. Qc2 a5 13. Rad1 a4 14. c5 Qa5 15. cxd6 exd6 16. Bf3 Rac8 17. Qd2 Rfe8 18. Rfe1 b5 19. a3 Qc7 20. Qf4 Re6 21. Rc1 Qd8 22. Red1 Qe8 23. Nd5 Nxe4 24. Bxe4 Rxe4 25. Nf6+ Bxf6 26. Qxf6 Kf8 27. Qxd6+ Qe7 28. Rxc6 Rxc6 29. Qxc6 Rxd4 30. Qc8+ Kg7 31. Qc3 1-0

[Event "Czech Open-E Teams 2022"]
[Site "Pardubice"]
[Date "2022.07.15"]
[Round "3.43"]
[White "Kovar, Vojtech"]
[Black "Lihotsky, Lukas"]
[Result "1-0"]
[ECO "B10"]
[WhiteElo "2191"]
[BlackElo "1935"]
[Annotator "ChessBase"]
[PlyCount "73"]
[EventDate "2022.07.14"]
[EventType "team-tourn"]
[EventCountry "CZE"]
[SourceTitle "playchess.com"]
[Source "ChessBase"]
[SourceQuality "1"]
[TimeControl "5400+30"]

1. e4 c6 2. d3 d5 3. Nf3 Bg4 4. h3 Bxf3 5. Qxf3 e6 6. Nd2 Nf6 7. g4 Nfd7 8. h4 Be7 9. Qg3 Na6 10. Be2 Nb4 11. Bd1 c5 12. g5 Nb6 13. c3 Nc6 14. Bc2 Bd6 15. Qg4 Ne5 16. Qe2 Ng6 17. h5 Ne7 18. Qg4 Qc7 19. Nf3 Qd7 20. Be3 f5 21. Qh4 Qb5 22. Bc1 a5 23. O-O O-O 24. e5 Bc7 25. g6 Qe8 26. gxh7+ Kh8 27. Kh1 f4 28. d4 Nf5 29. Qg4 Nh6 30. Qh3 Nf5 31. Rg1 cxd4 32. cxd4 Kxh7 33. Rg6 Kh8 34. Bxf4 Ne7 35. Be3 Nf5 36. Rag1 Nc4 37. h6 1-0

[Event "Czech Open-E Teams 2022"]
[Site "Pardubice"]
[Date "2022.07.15"]
[Round "3.44"]
[White "Stocek, Martin"]
[Black "Babicka, Michal"]
[Result "0-1"]
[ECO "E73"]
[WhiteElo "1851"]
[BlackElo "1989"]
[Annotator "ChessBase"]
[PlyCount "72"]
[EventDate "2022.07.14"]
[EventType "team-tourn"]
[EventCountry "CZE"]
[SourceTitle "playchess.com"]
[Source "ChessBase"]
[SourceQuality "1"]
[TimeControl "5400+30"]

1. d4 Nf6 2. c4 g6 3. Nc3 Bg7 4. e4 d6 5. Be2 O-O 6. Be3 Nc6 7. g4 e5 8. d5 Nd4 9. g5 Nxe2 10. Ngxe2 Nh5 11. Qd2 f5 12. gxf6 Qxf6 13. O-O-O Bg4 14. Rhg1 Bf3 15. Rde1 a6 16. Bg5 Qf7 17. Qe3 Bxe2 18. Rxe2 b5 19. c5 Nf4 20. Rd2 dxc5 21. Bxf4 Qxf4 22. Qxf4 Rxf4 23. Re2 Raf8 24. Rg2 Rh4 25. a3 Rff4 26. b4 Bf8 27. Rb2 Rh3 28. Kc2 Rhf3 29. Kb3 cxb4 30. axb4 Rxe4 31. Kc2 Rc4 32. Rb3 Bxb4 33. Rg3 Rcxc3+ 34. Rxc3 Rxc3+ 35. Rxc3 Bxc3 36. Kxc3 a5 0-1

[Event "Czech Open-E Teams 2022"]
[Site "Pardubice"]
[Date "2022.07.16"]
[Round "4.2"]
[White "Urban, Tomas"]
[Black "Vlasak, Lukas"]
[Result "0-1"]
[ECO "A45"]
[WhiteElo "1815"]
[BlackElo "2442"]
[Annotator "ChessBase"]
[PlyCount "50"]
[EventDate "2022.07.14"]
[EventType "team-tourn"]
[EventCountry "CZE"]
[SourceTitle "playchess.com"]
[Source "ChessBase"]
[SourceQuality "1"]
[TimeControl "5400+30"]

1. d4 Nf6 2. Bf4 g6 3. Nc3 d5 4. f3 c5 5. e4 dxe4 6. d5 Qa5 7. Qd2 e3 8. Bxe3 Bg7 9. Bb5+ Bd7 10. Bxd7+ Nbxd7 11. O-O-O b5 12. Kb1 b4 13. Ne4 O-O 14. Nh3 Rfd8 15. Qf2 Rab8 16. d6 Nxe4 17. fxe4 exd6 18. Rxd6 Ne5 19. Rxd8+ Rxd8 20. Rf1 Qc7 21. Qh4 Rd7 22. Nf4 Nc4 23. Nd5 Qe5 24. c3 bxc3 25. bxc3 Nxe3 0-1

[Event "Czech Open-E Teams 2022"]
[Site "Pardubice"]
[Date "2022.07.16"]
[Round "4.3"]
[White "Kraus, Tomas"]
[Black "Svadlenka, Jaroslav"]
[Result "1-0"]
[ECO "A27"]
[WhiteElo "2488"]
[BlackElo "1872"]
[Annotator "ChessBase"]
[PlyCount "52"]
[EventDate "2022.07.14"]
[EventType "team-tourn"]
[EventCountry "CZE"]
[SourceTitle "playchess.com"]
[Source "ChessBase"]
[SourceQuality "1"]
[TimeControl "5400+30"]

1. c4 e5 2. Nc3 Nc6 3. Nf3 d6 4. d4 exd4 5. Nxd4 Nf6 6. g3 Be7 7. Nxc6 bxc6 8. Bg2 Bb7 9. e4 O-O 10. O-O Qd7 11. Re1 Rad8 12. Qa4 a6 13. Bf4 Nh5 14. Be3 Nf6 15. h3 Qc8 16. Rad1 Qa8 17. Qa5 Rc8 18. c5 Nd7 19. Na4 d5 20. f4 Rfe8 21. Nc3 Nf6 22. e5 Nd7 23. Bf2 Bf8 24. h4 Rcd8 25. b4 Qb8 26. Qa4 Qa8 1-0

[Event "Czech Open-E Teams 2022"]
[Site "Pardubice"]
[Date "2022.07.16"]
[Round "4.4"]
[White "Cozl, David"]
[Black "Studnicka, Tomas"]
[Result "0-1"]
[ECO "A30"]
[WhiteElo "1947"]
[BlackElo "2316"]
[Annotator "ChessBase"]
[PlyCount "70"]
[EventDate "2022.07.14"]
[EventType "team-tourn"]
[EventCountry "CZE"]
[SourceTitle "playchess.com"]
[Source "ChessBase"]
[SourceQuality "1"]
[TimeControl "5400+30"]

1. c4 c5 2. Nf3 Nc6 3. g3 Nf6 4. Bg2 d5 5. cxd5 Nxd5 6. O-O e5 7. Nc3 Nc7 8. d3 Be7 9. Bd2 O-O 10. Rc1 f6 11. Na4 Na6 12. Re1 Be6 13. Nc3 Qd7 14. Qa4 Rfd8 15. Be3 Bf8 16. Ne4 Qf7 17. Nxc5 Nxc5 18. Bxc5 Bxa2 19. Nd2 Bd5 20. Bxf8 Kxf8 21. Bxd5 Rxd5 22. Ne4 Kg8 23. Qc4 Rad8 24. b4 Nd4 25. Ra1 b6 26. Kf1 a5 27. Nc3 b5 28. Qa2 axb4 29. Nxd5 b3 30. Qa5 Qxd5 31. e4 Qd7 32. Red1 Qh3+ 33. Ke1 Rc8 34. Rab1 Qxh2 35. Rb2 Qg1+ 0-1

[Event "Czech Open-E Teams 2022"]
[Site "Pardubice"]
[Date "2022.07.16"]
[Round "4.5"]
[White "Cerveny, Martin"]
[Black "Slampa, Jan"]
[Result "1-0"]
[ECO "D11"]
[WhiteElo "2396"]
[BlackElo "2254"]
[Annotator "ChessBase"]
[PlyCount "81"]
[EventDate "2022.07.14"]
[EventType "team-tourn"]
[EventCountry "CZE"]
[SourceTitle "playchess.com"]
[Source "ChessBase"]
[SourceQuality "1"]
[TimeControl "5400+30"]

1. d4 d5 2. c4 c6 3. Nf3 Nf6 4. e3 a6 5. a4 e6 6. Nc3 c5 7. cxd5 exd5 8. Be2 Nc6 9. O-O cxd4 10. exd4 Be7 11. Ne5 O-O 12. Bg5 h6 13. Bh4 Bf5 14. Nxc6 bxc6 15. a5 Nd7 16. Bxe7 Qxe7 17. Qa4 Qd6 18. Rfc1 Rfb8 19. Nd1 c5 20. Ne3 Be6 21. Qa3 Rc8 22. g3 Qf8 23. dxc5 Nxc5 24. b4 Ne4 25. Rxc8 Qxc8 26. Qd3 Qd8 27. Qd4 Qd6 28. Bf3 Rb8 29. Rb1 Ng5 30. Bg2 Rb5 31. f4 Nh3+ 32. Kf1 Qd7 33. Bf3 Qc8 34. Be2 Rb8 35. Kg2 g5 36. Bd3 gxf4 37. gxf4 Qc7 38. Rf1 Qd6 39. b5 axb5 40. f5 Ng5 41. h4 1-0

[Event "Czech Open-E Teams 2022"]
[Site "Pardubice"]
[Date "2022.07.16"]
[Round "4.6"]
[White "Jedlicka, Ales"]
[Black "Szotkowski, Jakub"]
[Result "0-1"]
[ECO "D15"]
[WhiteElo "2216"]
[BlackElo "2344"]
[Annotator "ChessBase"]
[PlyCount "54"]
[EventDate "2022.07.14"]
[EventType "team-tourn"]
[EventCountry "CZE"]
[SourceTitle "playchess.com"]
[Source "ChessBase"]
[SourceQuality "1"]
[TimeControl "5400+30"]

1. d4 Nf6 2. Nf3 d5 3. c4 c6 4. Nc3 a6 5. cxd5 cxd5 6. Bf4 Nc6 7. Rc1 e6 8. e3 Bd6 9. Bg3 O-O 10. Bd3 Re8 11. a3 e5 12. dxe5 Nxe5 13. Nxe5 Bxe5 14. Bxe5 Rxe5 15. Be2 h5 16. Qd4 Qd6 17. Bf3 Bg4 18. Bxg4 hxg4 19. Ne2 Re4 20. Qc5 Qe5 21. Ng3 Qxb2 22. Nxe4 Nxe4 23. Qc2 Qxa3 24. O-O Qe7 25. Qc7 Re8 26. Qf4 Qe6 27. Rc7 g5 0-1